Selects Battlefield Espionage Battlegroup
Kradschützen Motorcycle Team
Construct Light Support Kompanie
Construct Mechanized Kompanie
254 Reconnaissance Tractor
Marder III Tank Destroyer
Construct Panzerarmee Kommand
Selects Sector Subterfuge Beacon
Selects 250/3 Funkpanzerwagen
Selects Anti-Tank Incendiary Munitions
Walking Stuka Rocket Launcher
Flak 36 Anti-tank Gun Team
Walking Stuka Rocket Launcher
Selects Operation Skorpion
Walking Stuka Rocket Launcher